AoeStats
← FAD3D WHHYY NOT

Arena

508581214Analyzed
4v4 RM · 8d ago on Sep 23, 2026· 78m 38s· 8 players
Game mode
Random Map
Map size
Large (8 player)
Population
200
Speed
Normal
Resources
Standard
Victory
Conquest
Starting age
Dark Age
Ending age
Imperial Age
RankedLock teamsTeams togetherTeam positionsShared explorationLock speedFull tech treeHidden civsTurbo modeCheats
Victory
Defeat
🇨🇳 Franks · China
817
+11
🇨🇳 Magyars · China
770
+13
🇨🇳 Britons · China
754
+14
🇹🇷 Khmer · Türkiye
650
+19
🇲🇽 Britons · Mexico
779
-17
🇺🇸 Poles · United States
718
-15
🇩🇴 Romans · Dominican Republic
685
-13
🇺🇸 Poles · United States
651
-12
matticus23
0:28 Loom
12:22 Feudal Age
13:56 Wheelbarrow
15:05 Double-Bit Axe
20:08 Castle Age
17:54 Horse Collar
18:07 Gold Mining
18:10 Stone Mining
21:26 Bow Saw
21:21 Heavy Plow
24:50 Hand Cart
29:53 Stone Shaft Mining
33:51 Imperial Age
31:16 Man-at-Arms
31:58 Squires
31:43 Arson
33:22 Caravan
34:20 Scale Mail Armor
34:31 Forging
34:46 Ballistics
34:07 Treadmill Crane
34:25 Murder Holes
35:23 Crop Rotation
36:12 Conscription
37:00 Iron Casting
36:41 Chain Mail Armor
36:32 Scale Barding Armor
36:18 Fletching
36:29 Padded Archer Armor
37:38 Fortified Wall
37:34 Siege Engineers
38:04 Szlachta Privileges
39:06 Lechitic Legacy
39:23 Hoardings
38:27 Elite Obuch
38:38 Long Swordsman
39:33 Husbandry
39:44 Bloodlines
39:29 Cavalier
40:16 Pikeman
40:18 Two-Handed Swordsman
40:31 Elite Skirmisher
41:18 Thumb Ring
45:44 Blast Furnace
45:15 Plate Mail Armor
44:41 Bodkin Arrow
45:13 Light Cavalry
51:17 Leather Archer Armor
51:55 Plate Mail Armor
51:46 Chain Barding Armor
51:30 Bracer
54:22 Winged Hussar
60:09 Masonry
61:01 Chemistry
59:55 Arrowslits
FAD3D WHHYY NOT
0:29 Loom
13:10 Feudal Age
14:46 Double-Bit Axe
19:04 Castle Age
18:18 Fletching
18:15 Horse Collar
21:30 Fortified Wall
21:54 Bow Saw
22:40 Bodkin Arrow
22:49 Guard Tower
24:15 Treadmill Crane
25:33 Murder Holes
29:20 Masonry
29:48 Squires
29:36 Arson
30:32 Wheelbarrow
31:16 Heavy Plow
32:06 Town Watch
32:25 Husbandry
32:38 Bloodlines
33:11 Light Cavalry
34:17 Ballistics
34:18 Hand Cart
34:45 Pikeman
39:43 Imperial Age
37:55 Forging
37:52 Scale Barding Armor
38:12 Town Patrol
40:10 Iron Casting
39:56 Chain Barding Armor
40:46 Conscription
40:34 Szlachta Privileges
41:51 Chemistry
41:57 Blast Furnace
40:21 Winged Hussar
42:07 Crop Rotation
44:22 Lechitic Legacy
48:16 Thumb Ring
49:15 Heavy Mounted Crossbowman
51:14 Padded Archer Armor
51:17 Scale Mail Armor
53:23 Hoardings
53:32 Leather Archer Armor
53:35 Chain Mail Armor
55:39 Elite Skirmisher
60:32 Plate Mail Armor
59:52 Arrowslits
64:28 Bracer
La Morte Noire
10:51 Feudal Age
14:55 Castle Age
16:31 Wheelbarrow
15:57 Double-Bit Axe
15:54 Horse Collar
18:51 Bow Saw
19:15 Heavy Plow
24:48 Hand Cart
24:19 Loom
24:47 Gold Mining
25:10 Padded Archer Armor
25:20 Fletching
26:25 Gold Shaft Mining
26:33 Ballistics
26:30 Crossbowman
27:53 Leather Archer Armor
28:29 Bodkin Arrow
29:49 Stone Mining
35:45 Yeomen
36:46 Fortified Wall
36:47 Masonry
36:31 Pikeman
37:11 Squires
36:57 Arson
37:28 Forging
37:18 Scale Mail Armor
40:05 Imperial Age
40:53 Iron Casting
40:33 Chain Mail Armor
40:46 Halberdier
42:35 Blast Furnace
43:00 Plate Mail Armor
43:54 Conscription
43:02 Arbalester
45:04 Two-Man Saw
44:15 Onager
45:14 Bracer
47:44 Ring Archer Armor
49:13 Chemistry
48:19 Siege Engineers
71:04 Capped Ram
Nothing happened, go cry!
12:11 Feudal Age
18:48 Castle Age
17:12 Double-Bit Axe
17:56 Horse Collar
18:27 Stone Mining
19:00 Gold Mining
19:03 Loom
21:44 Fervor
28:51 Wheelbarrow
28:02 Town Watch
32:45 Imperial Age
29:40 Man-at-Arms
30:22 Squires
30:31 Fletching
30:52 Forging
30:42 Scale Mail Armor
30:56 Bow Saw
31:30 Gold Shaft Mining
30:50 Long Swordsman
30:51 Pikeman
32:02 Heavy Plow
34:07 Iron Casting
33:47 Chain Mail Armor
33:28 Bodkin Arrow
35:19 Ballistas
35:35 Conscription
34:40 Pikeman
35:47 Padded Archer Armor
36:47 Blast Furnace
35:53 Scale Barding Armor
36:46 Hand Cart
38:56 Town Patrol
40:57 Ballistics
41:37 Chemistry
40:53 Fortified Wall
40:05 Legionary
40:07 Halberdier
42:02 Crop Rotation
42:31 Chain Barding Armor
42:26 Leather Archer Armor
42:11 Murder Holes
42:27 Masonry
43:31 Siege Engineers
43:42 Elite Centurion
49:45 Plate Barding Armor
49:41 Ring Archer Armor
49:03 Guard Tower
49:44 Architecture
50:33 Heavy Scorpion
57:10 Capped Ram
61:42 Caravan
61:53 Guilds
64:21 Onager
69:53 Siege Ram
72:00 Husbandry
72:11 Bloodlines
71:22 Light Cavalry
71:23 Cavalier
梦寐一秋.
11:05 Feudal Age
15:21 Castle Age
16:28 Double-Bit Axe
24:40 Bow Saw
28:05 Horse Collar
31:25 Imperial Age
29:09 Heavy Plow
30:53 Fletching
31:03 Padded Archer Armor
34:52 Leather Archer Armor
34:32 Bodkin Arrow
34:07 Cranequins
34:10 Heavy Mounted Crossbowman
36:31 Pikeman
37:15 Squires
37:01 Arson
37:06 Gambesons
38:03 Conscription
38:33 Warwolf
38:17 Elite Longbowman
39:20 Yeomen
39:15 Bracer
39:45 Ring Archer Armor
39:54 Halberdier
42:42 Forging
42:35 Scale Mail Armor
43:46 Ballistics
46:59 Iron Casting
46:40 Chain Mail Armor
53:15 Blast Furnace
52:46 Plate Mail Armor
62:32 Caravan
此身为剑所天成
11:53 Feudal Age
10:10 Loom
16:08 Castle Age
15:36 Double-Bit Axe
19:14 Bow Saw
23:35 Wheelbarrow
23:41 Town Watch
29:51 Imperial Age
27:40 Hand Cart
28:27 Town Patrol
28:53 Husbandry
30:12 Forging
30:08 Scale Barding Armor
30:09 Fletching
30:26 Husbandry
33:40 Cavalier
37:28 Caravan
38:16 Iron Casting
38:02 Chain Barding Armor
37:13 Paladin
39:24 Treadmill Crane
44:00 Blast Furnace
44:33 Chivalry
45:35 Plate Barding Armor
45:32 Light Cavalry
50:00 Bodkin Arrow
50:05 Padded Archer Armor
49:30 Elite Throwing Axeman
50:45 Hoardings
50:32 Conscription
55:01 Scale Mail Armor
54:32 Heavy Mounted Crossbowman
54:49 Cranequins
57:01 Ordonnance Companies
67:31 Leather Archer Armor
70:19 Elite Skirmisher
75:43 Ballistics
75:20 Murder Holes
75:37 Fortified Wall
Sedat
7:33 Loom
11:05 Feudal Age
14:11 Horse Collar
14:18 Double-Bit Axe
21:22 Castle Age
22:56 Caravan
23:52 Wheelbarrow
30:59 Imperial Age
28:23 Gold Mining
28:26 Stone Mining
29:05 Town Watch
29:36 Padded Archer Armor
29:26 Fletching
31:26 Hand Cart
31:32 Murder Holes
33:42 Ballistics
34:23 Chemistry
33:17 Heavy Scorpion
34:28 Town Patrol
35:25 Gold Shaft Mining
36:16 Leather Archer Armor
35:56 Bodkin Arrow
40:33 Ring Archer Armor
40:04 Bracer
40:02 Heated Shot
41:17 Onager
42:52 Stone Shaft Mining
58:52 Tusk Swords
58:52 Elite Ballista Elephant
信仰之秀
11:47 Feudal Age
12:47 Loom
12:53 Double-Bit Axe
15:41 Castle Age
14:47 Stone Mining
14:39 Horse Collar
17:01 Bow Saw
18:03 Wheelbarrow
23:55 Heavy Plow
28:48 Gold Mining
33:40 Imperial Age
31:34 Hand Cart
31:46 Hand Cart
31:17 Loom
33:45 Fletching
33:55 Padded Archer Armor
34:03 Scale Barding Armor
34:29 Corvinian Army
34:50 Conscription
35:37 Thumb Ring
35:58 Parthian Tactics
36:15 Ballistics
36:56 Chemistry
35:37 Treadmill Crane
36:08 Masonry
35:56 Onager
37:39 Gold Shaft Mining
37:01 Heavy Cavalry Archer
38:07 Leather Archer Armor
39:22 Two-Man Saw
39:05 Bodkin Arrow
39:42 Ring Archer Armor
40:16 Caravan
40:24 Bracer
40:55 Recurve Bow
43:03 Chain Barding Armor
43:26 Elite Magyar Huszar
44:28 Bloodlines
44:18 Husbandry
55:17 Hoardings
Connection lost

Rejoining the realm…

Still unreachable

The connection could not be restored.

Session expired

The server has moved on; the page needs a fresh start.